 Dungeon Crawl Stone Soup version 0.24-a0-520-g8fd06ad (webtiles) character file.

Game seed: 13897451976128688505

127 Dorkslayer the Skirmisher (level 4, -13/37 HPs)
             Began as a Demonspawn Abyssal Knight on July 23, 2019.
             Was a Believer of Lugonu.
             Mangled by an orc warrior
             ... wielding a +0 battleaxe
              (21 damage)
             ... on level 3 of the Dungeon.
             The game lasted 00:13:02 (1900 turns).

Dorkslayer the Skirmisher (DsAK)                    Turns: 1900, Time: 00:13:04

Health: -13/37     AC:  8    Str: 12 (13) XL:     4   Next: 85%
Magic:  6/6        EV:  9    Int: 13      God:    Lugonu [**....]
Gold:   91         SH:  0    Dex: 13      Spells: 3/3 levels left

rFire    . . .     SeeInvis .   h - -1 hand axe (curse)
rCold    . . .     Gourm    .   (no shield)
rNeg     . . .     Faith    .   d - +0 scale mail
rPois    .         Spirit   .   (no helmet)
rElec    .         Reflect  .   (no cloak)
rCorr    .         Harm     .   (no gloves)
MR       .....                  (no boots)
Stlth    ..........             (no amulet)
HPRegen  0.12/turn              (no ring)
MPRegen  0.10/turn              (no ring)

@: flying
A: hooves 1, thin metallic scales 1, [deterioration 1], powered by death 1
a: Depart the Abyss, Bend Space, Renounce Religion


You were on level 3 of the Dungeon.
You worshipped Lugonu.
Lugonu was pleased with you.
You were hungry.

You visited 1 branch of the dungeon, and saw 3 of its levels.
You visited the Abyss 1 time.

You collected 91 gold pieces.

Inventory:

Hand Weapons
 a - a +1 hand axe
 h - a cursed -1 hand axe (weapon)
Missiles
 f - 8 boomerangs (quivered)
Armour
 d - a +0 scale mail (worn)
Scrolls
 e - a scroll of identify
Potions
 i - a potion of cancellation
Comestibles
 c - 2 rations
 j - 10 chunks of flesh


   Skills:
 * Level 4.0 Fighting
 + Level 2.4 Axes
 * Level 0.6 Throwing
 * Level 2.6 Armour
 * Level 1.4 Dodging
 - Level 0.6 Stealth
 * Level 3.1 Invocations


You had 3 spell levels left.
You didn't know any spells.
Your spell library was empty.

Dungeon Overview and Level Annotations

Branches:
Dungeon (3/15)

Altars:
Ashenzari
Dithmenos
Okawaru


Innate Abilities, Weirdness & Mutations

You have large cloven feet.
You are partially covered in thin metallic scales. (AC +2)
You regenerate a little health from kills.
[Your body sometimes deteriorates upon taking damage.]


Message History

The gnoll is almost dead.
The gnoll hits you with a +0 flail.
You hit the orc warrior but do no damage.
You closely miss the gnoll. The gnoll closely misses you.
The orc warrior hits you with a +0 battleaxe!
* * * LOW HITPOINT WARNING * * *
You hit the gnoll.
You kill the gnoll!
Lugonu accepts your kill.
You feel your dexterity returning.
You hit the orc warrior but do no damage.
The orc priest begins to cast a cantrip, but forgets the words!
You hit the orc warrior.
The orc warrior is lightly wounded.
You completely miss the gnoll.
The orc priest drinks a potion.
The orc priest suddenly seems more agile.
The gnoll hits you but does no damage.
The orc warrior hits you with a +0 battleaxe!!
Ouch! That really hurt!
You die...

......#.##.##
#####.#.##.#
#......#
#######
###.####
#..)..# #.#
#.....# #.#
#.....# #.#
#oo...# #.#
#@g...# #.#
###.#### #.#
#.o...# #.#
#.)....###.#
.......##.#
.. ##...##.#
...#....(..#
......oo####
......gK#


You could see an orc warrior, an orc priest, an orc wizard and a gnoll.

Vanquished Creatures
  A gnoll (D:3)
  2 adders (D:2)
  5 worms (D:2)
  2 dart slugs (D:2)
  2 leopard geckos
  5 orcs (D:3)
  A ball python (D:2)
  10 bats
  5 giant cockroaches
  9 hobgoblins
  4 jackals
  3 kobolds
  2 quokkas (D:2)
  6 frilled lizards
  10 goblins
  7 rats
74 creatures vanquished.

Notes
Turn   | Place    | Note
-------+----------+-------------------------------------------
     0 | Abyss:1  | Dorkslayer the Demonspawn Abyssal Knight began the quest
                  | for the Orb.
     0 | Abyss:1  | Reached XP level 1. HP: 18/18 MP: 2/2
    34 | Abyss:1  | Noticed a wretched star
    39 | D:1      | Escaped the Abyss
   210 | D:1      | Reached * piety under Lugonu
   214 | D:1      | Gained mutation: You have large cloven feet. [demonic
                  | ancestry]
   214 | D:1      | Reached XP level 2. HP: 20/24 MP: 3/3
   660 | D:2      | Gained mutation: You regenerate a little health from kills.
                  | [demonic ancestry]
   660 | D:2      | Reached XP level 3. HP: 29/29 MP: 5/5
   720 | D:2      | Reached skill level 1 in Dodging
   823 | D:2      | Found a shattered altar of Ashenzari.
   825 | D:2      | Found an iron altar of Okawaru.
  1078 | D:2      | Reached ** piety under Lugonu
  1154 | D:2      | Gained mutation: You are partially covered in thin metallic
                  | scales. (AC +2) [demonic ancestry]
  1154 | D:2      | Reached XP level 4. HP: 11/37 MP: 6/6
  1301 | D:2      | Found a shadowy altar of Dithmenos.
  1874 | D:3      | Noticed an orc warrior
  1894 | D:3      | Reached skill level 4 in Fighting
  1900 | D:3      | Mangled by an orc warrior

Levels and vault maps discovered:
D:1:      dpeg_arrival_boxes_within_box, layout_rooms
D:2:      minmay_chambers_of_twos, layout_loops_ring,
          nicolae_dithmenos_shadow_blocks, nicolae_overflow_hidden_temple
D:3:      layout_loops_cross, good_gods_mini_temple, lemuel_doored_altar,
          serial_forest, infiniplex_forest_lined_room_,
          infiniplex_forest_corner_2, infiniplex_forest_lined_4_way,
          infiniplex_forest_straight_2, infiniplex_forest_lined_room_2

Skill      XL: |  1  2  3  4 |
---------------+-------------+-----
Armour         | 2 |  2.6
Dodging        | 1 |  1.4
Axes           | 2 |  2.4
Invocations    | 3 |  3.1
Fighting       | 4 |  4.0
Throwing       | |  0.6
Stealth        | |  0.6

Action                   |  1- 3 |  4- 6 || total
-------------------------+-------+-------++-------
Melee: Hand axe          |   123 |   118 ||   241
       Kick              |    17 |    27 ||    44
Throw: Boomerang         |       |     3 ||     3
Invok: Depart the Abyss  |     1 |       ||     1
  Use: Scroll            |     5 |     2 ||     7
       Potion            |       |     2 ||     2
 Stab: Sleeping          |     1 |       ||     1
  Eat: Chunk             |     1 |     2 ||     3
Armor: Scale mail        |    74 |    53 ||   127
Dodge: Dodged            |    64 |    62 ||   126

Table legend:
 A = Non-vault XP
 B = Vault XP
 C = Vault XP percentage of total XP
 D = Non-vault monster count
 E = Vault monster count
 F = Vault count percentage of total count
                 A         B        C        D         E       F
            +---------+---------+-------+---------+---------+-------
      Total |     148 |      34 |  18.7 |      66 |       8 |  10.8
            +---------+---------+-------+---------+---------+-------
        D:1 |      38 |       0 |   0.0 |      26 |       0 |   0.0
        D:2 |      72 |      34 |  32.1 |      29 |       8 |  21.6
        D:3 |      38 |       0 |   0.0 |      11 |       0 |   0.0
            +---------+---------+-------+---------+---------+-------
